 Dungeon Crawl Stone Soup version 0.29.1-15-g9cfb28693d (webtiles) character file.

Game seed: 3323016970217568625

1587 Peloso the Protected (level 8, -2/66 (70) HPs)
             Began as a Minotaur Fighter on Apr 15, 2023.
             Was a Believer of Okawaru.
             Slain by Maggie
             ... wielding a +2 broad axe of draining
              (3 damage)
             ... on level 7 of the Dungeon.
             The game lasted 00:13:09 (7177 turns).

Peloso the Protected (Minotaur Fighter)             Turns: 7177, Time: 00:13:09

HP:   -2/66 (70)    AC: 17    Str: 22    XL:     8   Next: 61%
MP:   4/7           EV:  9    Int:  5    God:    Okawaru [**....]
Gold: 354           SH: 11    Dex: 11    Spells: 7/7 levels left

rFire   . . .      SeeInvis .   a - +0 long sword
rCold   . . .      Faith    .   d - +0 buckler
rNeg    . . .      Spirit   .   e - +0 plate armour
rPois   .          Reflect  +   (helmet restricted)
rElec   +          Harm     .   (no cloak)
rCorr   .          Rampage  .   c - +0 pair of gloves
Will    .....                   (no boots)
Stlth   ..........              t - amulet of reflection
HPRegen 0.21/turn               (no ring)
MPRegen 0.10/turn               (no ring)

@: heroic, drained
A: horns 2, retaliatory headbutt, sense surroundings 1, electricity resistance
a: Renounce Religion, Heroism


You were on level 7 of the Dungeon.
You worshipped Okawaru.
Okawaru was pleased with you.
You visited 1 branch of the dungeon, and saw 7 of its levels.

You collected 354 gold pieces.

Inventory:

Hand Weapons
 a - a +0 long sword (weapon)
Armour
 b - a +0 chain mail
 c - a +0 pair of gloves (worn)
 d - a +0 buckler (worn)
 e - a +0 plate armour (worn)
Jewellery
 i - a ring of ice
 t - an amulet of reflection (around neck)
 A - a ring of magical power
 B - a ring of resist corrosion
 C - a +4 ring of evasion
Wands
 u - a wand of mindburst (11)
 z - a wand of roots (12)
Scrolls
 f - 3 scrolls of noise
 g - 4 scrolls of enchant weapon
 j - 4 scrolls of poison
 m - 2 scrolls of immolation
 n - 2 scrolls of teleportation
 o - a scroll of acquirement
 s - a scroll of brand weapon {unknown}
 v - a scroll of fog
 w - 3 scrolls of enchant armour
 y - a scroll of blinking {unknown}
 E - 3 scrolls of fear {unknown}
 F - a scroll of identify
Potions
 h - 3 potions of curing
 k - 2 potions of might
 l - a potion of cancellation
 p - a potion of invisibility
 q - a potion of flight
 r - 2 potions of mutation
 x - a potion of brilliance
 D - a potion of berserk rage


   Skills:
 + Level 6.0(11.0) Fighting
 + Level 7.8(12.8) Long Blades
 + Level 8.0(13.0) Armour
 + Level 1.9(6.9) Dodging
 + Level 0.7(5.7) Stealth
 + Level 6.6(11.6) Shields
 + Level 0.5 Invocations


You had 7 spell levels left.
You didn't know any spells.
Your spell library contained the following spells:

 Spells                   Type           Power      Damage    Failure   Level
 Ensorcelled Hibernation  Hex/Ice        0%         N/A       100%        2
 Passwall                 Tmut/Erth      0%         N/A       100%        2
 Scorch                   Fire           0%         2d5       100%        2
 Swiftness                Air            0%         N/A       100%        3
 Flame Wave               Conj/Fire      0%         2d4       100%        4
 Summon Cactus Giant      Summ           Unusable   N/A       N/A         6

Dungeon Overview and Level Annotations

Branches:
Dungeon (7/15)             Temple (0/1) D:5

Altars:
Fedhas
Hepliaklqana
Okawaru
Qazlal
Trog

Annotations:
D:3 3 runed translucent doors, Eitelfritz's ghost, amateur DsFE
D:7 Maggie


Innate Abilities, Weirdness & Mutations

You have a pair of horns on your head.
You reflexively headbutt those who attack you in melee.
You passively map a small area around you.
You are resistant to electric shocks. (rElec)


Message History

Maggie is severely wounded.
Maggie gestures wildly while chanting.
Maggie attempts to bespell you! You resist with almost no effort.
The grasping roots constrict you.
You hit Maggie but do no damage.
Maggie is severely wounded.
Maggie casts a spell at you. The bolt of fire hits you!
The grasping roots constrict you.
The grasping roots release their grip on you.
You slash Maggie! Your headbutt misses Maggie.
Maggie is almost dead.
You hit Maggie but do no damage. Your headbutt misses Maggie.
Maggie is almost dead.
Maggie gestures at you while chanting. The bolt of fire hits you!
You completely miss Maggie.
Maggie is almost dead.
Maggie zaps a wand.
The roots erupt in riotous growth!
The grasping roots grab you!
Maggie is unaffected.
The grasping roots constrict you!
* * * LOW HITPOINT WARNING * * *
You hit Maggie. You headbutt Maggie, but do no damage.
Maggie is almost dead.
You block Maggie's attack. The grasping roots constrict you.
* * * LOW HITPOINT WARNING * * *
You barely miss Maggie.
Maggie is almost dead.
You closely miss Maggie.
Maggie is almost dead.
You feel like a meek peon again.
Maggie hits you with a +2 broad axe of draining.
* * * LOW HITPOINT WARNING * * *
You feel drained. The grasping roots constrict you.
* * * LOW HITPOINT WARNING * * *
The grasping roots release their grip on you.
You gain the combat prowess of a mighty hero.
Maggie hits you with a +2 broad axe of draining!
* * * LOW HITPOINT WARNING * * *
You feel drained.
You die...

#.# #~# ###.#### *
#####......# . ,
.......#.##.### ..
..............# .. *
########.##.#.# .#
####...##.#.# .#
###......##@#.# .#
##...~~~...#@#.#
.####..~≈≈≈≈~≈....)#
......~≈≈≈≈≈~~~...##
.###.~~≈≈~~~≈~≈~..#
<....~~~~..P~≈≈~..#
..#[~~≈~P.P.♣≈≈~~..*
..#.~≈≈~>P_.<≈≈≈~..#
..#.~~≈≈...P.~≈~~..#


You could see Maggie.

Vanquished Creatures
  Menkaure (D:7)
  Edmund (D:4)
  2 ice beasts
  A sky beast (D:7)
  An orc warrior (D:7)
  An ogre (D:5)
  3 black bears
  A bullfrog (D:7)
  2 hounds
  2 orc priests
  2 iguanas (D:5)
  5 orc wizards
  A gnoll (D:1)
  13 adders
  2 white imps
  2 ufetubi
  2 worms
  A dart slug (D:3)
  22 orcs
  9 ball pythons
  8 endoplasms
  2 giant cockroaches
  6 goblins
  2 hobgoblins (D:3)
  8 jackals
  4 kobolds
  3 quokkas
  3 bats
  6 rats
116 creatures vanquished.

Vanquished Creatures (others)
  2 plants (D:7)
2 creatures vanquished.

Grand Total: 118 creatures vanquished

Notes
Turn   | Place    | Note
-------+----------+-------------------------------------------
     0 | D:1      | Peloso the Minotaur Fighter began the quest for the Orb.
     0 | D:1      | Reached XP level 1. HP: 19/19 MP: 0/0
   445 | D:1      | Reached skill level 4 in Armour
   445 | D:1      | Reached XP level 2. HP: 24/27 MP: 1/1
   573 | D:1      | Gained mutation: You are resistant to electric shocks.
                  | (rElec) [potion of mutation]
   573 | D:1      | Gained mutation: You passively map a small area around you.
                  | [potion of mutation]
   741 | D:1      | Found a faded altar of an unknown god.
  1281 | D:2      | Reached XP level 3. HP: 23/33 MP: 2/2
  1786 | D:2      | Found a bloodstained altar of Trog.
  2205 | D:2      | Reached XP level 4. HP: 31/40 MP: 3/3
  2415 | D:2      | Reached skill level 5 in Armour
  2590 | D:2      | Identified a scroll of acquirement
  2733 | D:3      | Reached XP level 5. HP: 37/47 MP: 4/4
  2843 | D:3      | Found an iron altar of Okawaru.
  2852 | D:3      | Became a worshipper of Warmaster Okawaru
  2956 | D:3      | Found a runed translucent gate.
  3160 | D:3      | Found a runed translucent gate.
  3161 | D:3      | Found a runed translucent gate.
  3161 | D:3      | Noticed Eitelfritz's ghost (amateur DsFE)
  3491 | D:4      | Identified the +1 trident "Zishrar" {elec, rPois rF- rN+
                  | SInv}
  3549 | D:4      | Reached skill level 1 in Dodging
  3672 | D:4      | Noticed Edmund
  3705 | D:4      | Killed Edmund
  3706 | D:4      | Reached XP level 6. HP: 43/55 MP: 5/5
  3879 | D:4      | Reached skill level 5 in Long Blades
  3879 | D:4      | Reached skill level 6 in Armour
  3906 | D:3      | Reached skill level 5 in Fighting
  4081 | D:5      | Entered Level 5 of the Dungeon
  4087 | D:5      | Reached * piety under Okawaru
  4327 | D:5      | Reached XP level 7. HP: 48/61 MP: 6/6
  4512 | D:5      | Reached skill level 5 in Shields
  4542 | D:5      | Found a staircase to the Ecumenical Temple.
  4839 | D:5      | Reached skill level 7 in Armour
  5113 | D:5      | Reached XP level 8. HP: 66/70 MP: 7/7
  5203 | D:5      | Found a hazy altar of Hepliaklqana.
  5474 | D:6      | Found a stormy altar of Qazlal.
  6179 | D:7      | Noticed Menkaure
  6189 | D:7      | Killed Menkaure
  6189 | D:7      | Reached ** piety under Okawaru
  6244 | D:7      | Noticed Maggie
  6724 | D:7      | Found a blossoming altar of Fedhas.
  7105 | D:7      | Reached skill level 8 in Armour
  7177 | D:7      | HP: 1/68 [Maggie/+2 broad axe of draining (9)]
  7177 | D:7      | Slain by Maggie

Illustrated notes

Levels and vault maps discovered:
D:1:      sevenhm_arrival_forest_fort_large_2, layout_loops_ring,
          hellmonk_ecumenical_altar_leap_of_faith
D:2:      layout_basic, basic_altar, minmay_snake_closets
D:3:      layout_basic, okawaru_metal_pillars_3, gammafunk_ghost_split
D:4:      layout_rooms, uniq_edmund
D:5:      layout_rooms, old_standard_altar, minmay_temple_entry_ruins,
          grunt_ministairs_8, mrwooster_statue_mirror, chequers_arboretum
D:6:      layout_loops_cross, mainiacjoe_overflow_surrounded_room
D:7:      layout_loops_ring, fedhas_ov_isle_minmay, uniq_duvessa, uniq_menkaure,
          uniq_maggie

Skill      XL: |  1  2  3  4  5  6  7  8 |
---------------+-------------------------+-----
Armour         | 4 5 6 7 8 |  8.0
Fighting       | 4 5 6 |  6.0
Long Blades    | 3 4 5 6 7 |  7.8
Shields        | 4 5 6 |  6.6
Dodging        | 1 |  1.9
Stealth        | |  0.7
Invocations    | |  0.5

Action                   |  1- 3 |  4- 6 |  7- 9 || total
-------------------------+-------+-------+-------++-------
Melee: Long sword        |    67 |   170 |   227 ||   464
       Headbutt          |     6 |    26 |    35 ||    67
Invok: Heroism           |       |       |     8 ||     8
Evoke: Wand              |       |       |     2 ||     2
  Use: Potion            |     4 |     2 |     2 ||     8
       Scroll            |     3 |     7 |     6 ||    16
Armor: Scale mail        |    25 |    63 |       ||    88
       Chain mail        |       |    23 |    86 ||   109
       Plate armour      |       |       |    45 ||    45
Dodge: Dodged            |    38 |    58 |    72 ||   168
Block: Buckler           |     9 |    55 |   113 ||   177
       Reflection        |       |     2 |     8 ||    10
